 Dungeon Crawl Stone Soup version 0.22-a0-613-g65b8144 (webtiles) character file.

18 Fuodd the Skirmisher (level 2, 0/27 HPs)
             Began as a Hill Orc Fighter on July 7, 2018.
             Killed from afar by Sigmund (2 damage)
             ... with a puff of flame
             ... on level 2 of the Dungeon.
             The game lasted 00:04:38 (743 turns).

Fuodd the Skirmisher (Hill Orc Fighter)              Turns: 743, Time: 00:04:39

Health: 0/27       AC:  6    Str: 18    XL:     2   Next: 66%
Magic:  2/2        EV:  7    Int:  8    God:
Gold:   30         SH:  9    Dex: 10    Spells: 1/1 levels left

rFire    . . .     SeeInvis .   a - +0 war axe
rCold    . . .     Gourm    .   c - +0 shield
rNeg     . . .     Faith    .   b - +0 scale mail
rPois    .         Spirit   .   (no helmet)
rElec    .         Reflect  .   (no cloak)
rCorr    .         Harm     .   (no gloves)
MR       .....                  (no boots)
Stlth    ..........             (no amulet)
HPRegen  0.09/turn              (no ring)
MPRegen  0.08/turn              (no ring)

@: no status effects
A: no striking features
a: no special abilities


You were on level 2 of the Dungeon.
You were not hungry.

You visited 1 branch of the dungeon, and saw 2 of its levels.

You collected 30 gold pieces.

Inventory:

Hand Weapons
 a - a +0 war axe (weapon)
Armour
 b - a +0 scale mail (worn)
 c - a +0 shield (worn)
Scrolls
 e - 2 scrolls of remove curse {unknown}
 g - a scroll of amnesia {unknown}
 i - a scroll of blinking {unknown}
 j - a scroll of random uselessness {unknown}
 k - a scroll of immolation {unknown}
Potions
 d - a potion of might
 h - a potion of mutation {unknown}
 l - a potion of flight {unknown}
Comestibles
 f - 5 rations


   Skills:
 + Level 3.9 Fighting
 + Level 2.9 Axes
 + Level 3.5 Armour
 + Level 0.2 Dodging
 + Level 3.6 Shields


You had one spell level left.
You didn't know any spells.
Your spell library was empty.

Dungeon Overview and Level Annotations

Branches:
Dungeon (2/15)

Altars:
Vehumet

Annotations:
D:2 Sigmund


Message History

The dart slug launches a dart at you. The slug dart hits you!
* * * LOW HITPOINT WARNING * * *
Sigmund barely misses you. Sigmund casts a spell at you.
You are confused.
You bump into the rock wall.
You bump into the rock wall.
Sigmund says, "I'm your fate."
Sigmund casts a spell.
Sigmund flickers and vanishes!
Deactivating autopickup; reactivate with Ctrl-A.
You bump into the rock wall.
You bump into the rock wall.
You feel less confused. Something hits you but does no damage.
You start resting.
A puff of flame appears from out of thin air!
The puff of flame hits you!
You die...

.... #.......# #.. ...
#####.......# #.. ..
#...........####.# # .#
#.###.##♣.....♣#.#
##.##.########....♣....≈≈♣..♣.#
+.!.<.............♣....≈♣....P.
##.############......P≈≈≈≈♣♣P..
# ###....P...≈≈≈≈.≈..
#.@.....♣P.≈≈♣≈≈≈..
#.####+##♣..♣≈≈≈P.. #.##...#
#.).♣..... #....#.# ##..##....
####.#.# #....##...
#.#.###....##...
#.#.........#### #w..##......#
###.@.......#


There were no monsters in sight!

Vanquished Creatures
  A dart slug (D:1)
  2 bats
  2 hobgoblins (D:1)
  A kobold (D:1)
  4 goblins
  5 rats (D:1)
15 creatures vanquished.

Notes
Turn   | Place    | Note
-------+----------+-------------------------------------------
     0 | D:1      | Fuodd the Hill Orc Fighter began the quest for the Orb.
     0 | D:1      | Reached XP level 1. HP: 19/19 MP: 1/1
    46 | D:1      | Reached XP level 2. HP: 17/27 MP: 2/2
   589 | D:2      | Found a radiant altar of Vehumet.
   720 | D:2      | Noticed Sigmund
   727 | D:2      | HP: 1/27 [dart slug/slug dart (5)]
   743 | D:2      | Killed from afar by Sigmund

Vault maps used:
D:1:      minmay_arrival_stair_chambers
D:2:      vehumet_crystals, first_ration, serial_bayou_pond_a, uniq_natasha,
          uniq_sigmund

Action                   || total
-------------------------++-------
Melee: War axe           ||    40
Armor: Scale mail        ||    26
Dodge: Dodged            ||    12
Block: Shield            ||    29

Table legend:
 A = Spawn XP
 B = Non-spawn XP
 C = Spawn XP percentage of total XP
 D = Spawn monster count
 E = Non-spawn monster count
 F = Spawn count percentage of total count
 G = Total turns spent on level
                    A         B        C        D         E        F      G
               +---------+---------+-------+---------+---------+-------+---------
         Total |       0 |      26 |   0.0 |       0 |      15 |   0.0 |   743
               +---------+---------+-------+---------+---------+-------+---------
           D:1 |       0 |      22 |   0.0 |       0 |      13 |   0.0 |   585
           D:2 |       0 |       4 |   0.0 |       0 |       2 |   0.0 |   158
               +---------+---------+-------+---------+---------+-------+---------
